 Dungeon Crawl Stone Soup version 0.21.1-1-g345015f (webtiles) character file.

122344 twistedcrescendo the Slayer (level 16, -2/167 HPs)
             Began as a Minotaur Berserker on June 30, 2018.
             Was the Champion of Trog.
             Slain by an emperor scorpion (6 damage)
             ... on level 4 of the Spider Nest on July 1, 2018.
             The game lasted 03:20:27 (24500 turns).

twistedcrescendo the Slayer (Minotaur Berserker)   Turns: 24500, Time: 03:20:57

Health: -2/167     AC: 23    Str: 23 (30) XL:     16   Next: 34%
Magic:  0/15       EV: 20    Int:  0 (4)  God:    Trog [******]
Gold:   2195       SH: 14    Dex: 13 (15) Spells: 15/15 levels left

rFire    . . .     SeeInvis .   k - +8 morningstar of Cataclysm {crush, rPois}
rCold    + + .     Gourm    .   y - +0 shield
rNeg     + . .     Faith    .   w - +2 ice dragon scales "Hurovu" {rF- rC++ MR+ Str+6}
rPois    +         Spirit   .   (helmet unavailable)
rElec    .         Reflect  .   p - +2 cloak {+Inv}
rCorr    .         Harm     .   l - +0 pair of gloves
MR       +++++     Clarity  +   n - +0 pair of boots
Stlth    ..........             b - amulet of the Four Winds {rN+ MR+++ Clar}
HPRegen  0.37/turn              E - ring of protection from fire
MPRegen  0.14/turn              K - +5 ring of evasion

@: berserk cooldown, starving, slowed, lost intelligence, very slow
A: retaliatory headbutt, horns 3, blink, deterioration 1
a: Blink, Berserk, Trog's Hand, Brothers in Arms, Burn Spellbooks, Renounce
Religion, Evoke Invisibility


You were on level 4 of the Spider Nest.
You worshipped Trog.
Trog was exalted by your worship.
You were starving.

You visited 4 branches of the dungeon, and saw 23 of its levels.
You also visited: Ice Cave and Volcano.

You collected 2475 gold pieces.
You spent 280 gold pieces at shops.

Inventory:

Hand Weapons
 k - the +8 morningstar of Cataclysm (weapon) {crush, rPois}
   (Trog gifted it to you on level 2 of the Orcish Mines)

   It inflicts extra damage upon your enemies.
   It protects you from poison.
 L - a +2 morningstar of holy wrath
 O - a +1 demon whip of venom
Missiles
 F - 44 tomahawks
 H - 4 poisoned javelins (quivered)
Armour
 d - a +1 hat
 l - a +0 pair of gloves (worn)
 n - a +0 pair of boots (worn)
 p - a +2 cloak of invisibility (worn)
 w - the +2 ice dragon scales "Hurovu" (worn) {rF- rC++ MR+ Str+6}
   (You found it in an ice cave)

   It affects your strength (+6).
   It makes you vulnerable to fire.
   It greatly protects you from cold.
   It affects your resistance to hostile enchantments.
 y - a +0 shield (worn)
 N - the +1 crystal plate armour "Pigumpok" {rF++ Int+4}
   (You acquired it on level 11 of the Dungeon)

   It affects your intelligence (+4).
   It greatly protects you from fire.
Jewellery
 a - an uncursed ring of see invisible
 b - the amulet of the Four Winds (around neck) {rN+ MR+++ Clar}
   (You took it off a crimson imp on level 7 of the Dungeon)

   [amulet of nothing]

   It protects you from negative energy.
   It affects your resistance to hostile enchantments.
   It protects you against confusion.
 f - the amulet "Touxur" {Regen+ Str+2}
   (You found it on level 3 of the Spider Nest)

   [amulet of regeneration]

   It affects your strength (+2).
   It increases your rate of regeneration.
 g - a +5 ring of strength
 E - a ring of protection from fire (left hand)
 K - a +5 ring of evasion (right hand)
 S - an uncursed ring of positive energy
 U - an uncursed ring of protection from magic
Wands
 x - a wand of flame (35)
 R - a wand of polymorph (14)
 T - a wand of disintegration (11)
 Y - a wand of enslavement (8)
Scrolls
 i - 3 scrolls of identify
 j - 12 scrolls of remove curse
 u - 13 scrolls of teleportation
 D - a scroll of blinking
 I - 2 scrolls of enchant armour
 J - 5 scrolls of immolation
 M - 2 scrolls of fear
Potions
 e - 2 potions of might
 h - 2 potions of haste
 m - 4 potions of curing
 o - 2 potions of magic
 r - 2 potions of resistance
 s - 2 potions of invisibility
 z - 2 potions of lignification
 A - 6 potions of brilliance
 B - 5 potions of flight
 C - a potion of berserk rage
 G - 2 potions of agility
 V - 2 potions of ambrosia
Miscellaneous
 X - a phial of floods
Comestibles
 c - 27 rations


   Skills:
 + Level 21.4 Fighting
 + Level 13.5 Maces & Flails
 - Level 14.0 Armour
 - Level 10.3 Dodging
 - Level 15.0 Shields


You had 15 spell levels left.
You didn't know any spells.

Dungeon Overview and Level Annotations

Branches:
Dungeon (11/15)            Temple (0/1) D:4            Lair (6/6) D:9
 Shoals (0/4) Lair:2       Spider (4/4) Lair:2        Slime (0/5) Lair:6
    Orc (2/2) D:9             Elf (0/3) Orc:2

Altars:
Fedhas
Kikubaaqudgha
Okawaru
Ru
Uskayaw
Wu Jian
Xom
Zin
Beogh

Shops:
D:10 [   Orc:1 !   Orc:2 =}}(

Annotations:
Lair:6 exclusion: 4 oklob plants


Innate Abilities, Weirdness & Mutations

You reflexively headbutt those who attack you in melee.
You have a pair of large horns on your head.
You can translocate small distances at will.
Your body sometimes deteriorates upon taking damage.


Message History

You feel yourself speed up.
You feel yourself slow down.
You feel a little less clever now.
You feel a little less agile now.
You feel you are being watched by something.
Something hits you but does no damage. You block something's attack.
Something barely misses you. The emperor scorpion stings you.
* * * LOW HITPOINT WARNING * * *
The emperor scorpion completely misses you.
The emperor scorpion misses you.
You feel you are being watched by something.
You feel your power leaking away. You block something's attack.
Something hits you but does no damage.
Something stings you but does no damage.
You feel you are being watched by something.
Something hits you!
* * * LOW HITPOINT WARNING * * *
You feel weakened. You block something's attack. Something stings you.
* * * LOW HITPOINT WARNING * * *
The emperor scorpion stings you.
You die...

##..≈# .##y. ###≈ #≈..# ##
yy ...# ## #..≈#.)# ...
.^.+ # ###.≈≈≈≈.##### ###
### ##≈..≈≈≈≈.############
#..
#≈..≈##..###≈..≈##.≈.###..
#≈..≈# ###.≈....≈....≈≈##.
##≈.≈# ###^..#≈..^..≈...##
#....###≈@..##≈...≈##..≈##
##...≈#≈s..####≈..^##≈^.≈#
##.......≈# ##††..≈##≈.^
##≈....≈## ##^..####≈)
###...## #...# ### #####
####†''#### #
####^^.^.....###
###########...^........^..
#.........................


You could see an emperor scorpion.

Vanquished Creatures
  Arachne (Spider:2)
  Asterion (Spider:1)
  Kirke (Spider:3)
  An orc warlord (Orc:2)
  4 emperor scorpions
  4 ghost moths
  A stone giant (Volcano)
  3 entropy weavers
  2 spark wasps
  Azrael (Orc:2)
  The ghost of sking99 the Brawler, a journeyman TrMo (D:11)
  Snorg (Lair:6)
  4 hydras
  A tengu warrior (D:9)
  A two-headed ogre (D:9)
  3 orc high priests (Orc:2)
  36 wolf spiders
  6 orc knights (Orc:2)
  10 orb spiders
  2 ugly things
  3 orc sorcerers
  A cyclops (D:10)
  Joseph (D:10)
  21 spiny frogs
  4 black mambas
  4 torpor snails
  3 ice statues (IceCv)
  3 gargoyles
  3 rime drakes
  3 komodo dragons
  A tengu conjurer (D:9)
  11 demonic crawlers
  An efreet (Volcano)
  3 polar bears
  A queen bee (Lair:5)
  7 trolls
  34 jumping spiders
  3 meliai (Lair:5)
  3 hornets (Spider:4)
  3 tyrant leeches (Lair:6)
  Prince Ribbit (D:9)
  28 blink frogs
  4 hippogriffs
  2 shadows (D:11)
  Sigmund (D:3)
  74 redbacks
  28 tarantellas
  A vampire (D:10)
  4 hogs
  2 basilisks
  5 fire elementals
  31 yaks
  A hungry ghost (D:8)
  2 wargs
  6 vampire mosquitoes (Lair:6)
  9 water moccasins
  A hell hound (Orc:2)
  8 porcupines
  22 orc warriors
  A phantom (D:11)
  3 sky beasts
  10 ice beasts
  A black bear (D:6)
  12 ogres
  4 wolves (D:9)
  6 centaurs
  13 crocodiles
  2 big kobolds
  2 earth elementals (Volcano)
  22 bullfrogs
  A scorpion (D:9)
  12 killer bees (Lair:5)
  A howler monkey (D:7)
  3 wights (D:9)
  3 electric eels
  2 bullfrog zombies
  2 centaur zombies
  8 crimson imps
  A quasit (D:9)
  17 orc priests
  Crazy Yiuf (D:3)
  A centaur skeleton (D:10)
  8 hounds
  4 jellies
  24 orc wizards
  2 bullfrog skeletons
  Jessica (D:3)
  An iguana (D:4)
  4 worker ants
  A hound skeleton (D:7)
  9 adders
  7 gnolls
  2 shadow imps
  5 oozes (D:9)
  An adder skeleton (D:4)
  An adder zombie (D:7)
  3 worms
  2 dart slugs
  2 leopard geckos
  69 orcs
  4 giant cockroaches
  6 goblins
  8 hobgoblins
  17 jackals
  17 kobolds
  2 quokkas
  2 ball pythons (D:5)
  5 bats
  2 frilled lizards (D:1)
  A jackal skeleton (D:4)
  A leopard gecko zombie (D:5)
  9 rats
775 creatures vanquished.

Vanquished Creatures (others)
  An ugly thing (IceCv)
  3 redbacks
  An orc priest (D:9)
  An orc wizard (Orc:2)
  5 fungi (Lair:6)
  19 plants
30 creatures vanquished.

Grand Total: 805 creatures vanquished

Notes
Turn   | Place    | Note
-------+----------+-------------------------------------------
     0 | D:1      | twistedcrescendo the Minotaur Berserker began the quest for the Orb.
     0 | D:1      | Reached XP level 1. HP: 19/19 MP: 0/0
   404 | D:1      | Reached skill level 4 in Fighting
   408 | D:1      | Reached XP level 2. HP: 22/27 MP: 1/1
   848 | D:2      | Reached XP level 3. HP: 17/34 MP: 2/2
  1117 | D:2      | Reached ** piety under Trog
  1287 | D:2      | Found a faded altar of an unknown god.
  1622 | D:3      | Noticed Jessica
  1630 | D:3      | Killed Jessica
  1630 | D:3      | Reached skill level 5 in Fighting
  1630 | D:3      | Reached skill level 5 in Maces & Flails
  1630 | D:3      | Reached XP level 4. HP: 42/42 MP: 3/3
  1764 | D:3      | Noticed Sigmund
  1780 | D:3      | Killed Sigmund
  1780 | D:3      | Reached skill level 6 in Fighting
  1780 | D:3      | Reached XP level 5. HP: 51/51 MP: 4/4
  1780 | D:3      | Reached XP level 6. HP: 58/58 MP: 5/5
  2078 | D:3      | Found a runed door.
  2082 | D:3      | Noticed Crazy Yiuf
  2088 | D:3      | Killed Crazy Yiuf
  2300 | D:4      | Found a shimmering altar of Xom.
  2301 | D:4      | Found a shimmering altar of Xom.
  2303 | D:4      | Found a shimmering altar of Xom.
  2304 | D:4      | Found a shimmering altar of Xom.
  2311 | D:4      | Found a shimmering altar of Xom.
  2312 | D:4      | Found a shimmering altar of Xom.
  2312 | D:4      | Found a shimmering altar of Xom.
  2312 | D:4      | Found a shimmering altar of Xom.
  2344 | D:4      | Found a hide-covered altar of Uskayaw.
  2410 | D:4      | Found a staircase to the Ecumenical Temple.
  2607 | D:4      | Found a blossoming altar of Fedhas.
  2607 | D:4      | Found a glowing silver altar of Zin.
  2807 | D:4      | Found an iron altar of Okawaru.
  2938 | D:4      | Reached *** piety under Trog
  2938 | D:4      | Reached skill level 7 in Fighting
  2980 | D:5      | Entered Level 5 of the Dungeon
  3332 | D:5      | Reached XP level 7. HP: 48/66 MP: 6/6
  3777 | D:6      | Reached skill level 8 in Fighting
  3841 | D:6      | Reached XP level 8. HP: 73/75 MP: 7/7
  4103 | D:6      | Reached skill level 9 in Fighting
  4264 | D:7      | Received a gift from Trog
  4264 | D:7      | Reached skill level 10 in Fighting
  4265 | D:7      | Reached skill level 10 in Maces & Flails
  4447 | D:7      | Reached XP level 9. HP: 82/86 MP: 8/8
  4482 | D:7      | Found an ornate altar of the Wu Jian Council.
  4534 | D:7      | Reached **** piety under Trog
  4550 | D:7      | Noticed a troll
  4561 | D:7      | Killed a troll
  4561 | D:7      | Reached skill level 11 in Fighting
  4860 | D:7      | Found a sacrificial altar of Ru.
  5372 | D:7      | Gained mutation: You tend to lose your temper in combat. [potion of mutation]
  5372 | D:7      | Gained mutation: You are robust. (+10% HP) [potion of mutation]
  5585 | D:8      | Reached skill level 12 in Fighting
  5981 | D:9      | Reached XP level 10. HP: 94/110 MP: 9/9
  6050 | D:9      | Reached skill level 13 in Fighting
  6053 | D:9      | Noticed a tengu warrior
  6059 | D:9      | Killed a tengu warrior
  6064 | D:9      | Reached ***** piety under Trog
  6075 | D:9      | Received a gift from Trog
  6078 | D:9      | Reached skill level 5 in Armour
  6129 | D:9      | Found a staircase to the Lair.
  6141 | D:9      | Noticed a two-headed ogre
  6151 | D:9      | Killed a two-headed ogre
  6151 | D:9      | Reached skill level 5 in Dodging
  6264 | D:9      | Noticed Prince Ribbit
  6282 | D:9      | Killed Prince Ribbit
  6325 | D:9      | Found an ancient bone altar of Kikubaaqudgha.
  6467 | D:9      | Received a gift from Trog
  6684 | D:9      | Found a staircase to the Orcish Mines.
  6763 | Lair:1   | Entered Level 1 of the Lair of Beasts
  6849 | Lair:1   | Noticed a spiny frog
  6854 | Lair:1   | Killed a spiny frog
  6854 | Lair:1   | Reached XP level 11. HP: 118/118 MP: 10/10
  6871 | Lair:1   | Reached skill level 14 in Fighting
  7347 | Lair:1   | Reached skill level 1 in Shields
  7414 | Lair:1   | Noticed a seven-headed hydra
  7419 | Lair:1   | Killed a seven-headed hydra
  8432 | Lair:2   | Found a hole to the Spider Nest.
  8981 | Lair:2   | Reached skill level 15 in Fighting
  9280 | Lair:2   | Found a staircase to the Shoals.
  9615 | Lair:3   | Identified a scroll of acquirement
  9657 | Lair:3   | Found a dark tunnel.
  9677 | Volcano  | Entered a volcano
  9710 | Volcano  | Noticed a stone giant
  9723 | Volcano  | Killed a stone giant
  9723 | Volcano  | Reached XP level 12. HP: 97/133 MP: 11/11
 10292 | Lair:3   | Noticed a six-headed hydra
 10300 | Lair:3   | Killed a six-headed hydra
 10328 | Lair:3   | Reached skill level 10 in Armour
 10358 | Lair:3   | Received a gift from Trog
 11199 | D:10     | Entered Level 10 of the Dungeon
 11409 | D:10     | Found Cuyrisuk's Armour Shoppe.
 11600 | D:10     | Noticed Joseph
 11607 | D:10     | Killed Joseph
 11607 | D:10     | Reached skill level 16 in Fighting
 12217 | D:11     | Noticed sking99's ghost (journeyman TrMo)
 12226 | D:11     | Killed sking99's ghost
 12226 | D:11     | Reached skill level 10 in Dodging
 12670 | D:11     | Got a slimy crystal plate armour
 12681 | D:11     | Identified the +1 crystal plate armour "Pigumpok" {rF++ Int+4} (You acquired it on level 11 of the Dungeon)
 13122 | Orc:1    | Entered Level 1 of the Orcish Mines
 13122 | Orc:1    | Found a roughly hewn altar of Beogh.
 13411 | Orc:2    | Entered Level 2 of the Orcish Mines
 13421 | Orc:2    | Noticed Azrael
 13481 | Orc:2    | Killed Azrael
 13481 | Orc:2    | Reached XP level 13. HP: 97/143 MP: 12/12
 13501 | Orc:2    | Received a gift from Trog
 13537 | Orc:2    | Got a faintly glowing morningstar {god gift}
 13577 | Orc:2    | Found a frozen archway.
 13595 | Orc:2    | Identified the +8 morningstar of Cataclysm {crush, rPois} (Trog gifted it to you on level 2 of the Orcish Mines)
 13598 | IceCv    | Entered an ice cave
 14190 | IceCv    | Got spiked ice dragon scales
 14210 | IceCv    | Identified the +2 ice dragon scales "Hurovu" {rF- rC++ MR+ Str+6} (You found it in an ice cave)
 14517 | Orc:2    | Noticed an orc warlord
 14905 | Orc:2    | Killed an orc warlord
 15082 | Orc:2    | Found a staircase to the Elven Halls.
 15231 | Orc:2    | Reached skill level 17 in Fighting
 15233 | Orc:2    | Found Wiocs's Weapon Shop.
 15233 | Orc:2    | Found Babethus's Jewellery Emporium.
 15235 | Orc:2    | Found Ecock's Gadget Shop.
 15235 | Orc:2    | Found Pohijiucha's Gadget Emporium.
 15425 | Orc:2    | Bought a cursed ring of teleportation for 49 gold pieces
 15753 | Orc:1    | Found Lobruy's Distillery.
 15767 | Orc:1    | Bought a potion of agility for 44 gold pieces
 15767 | Orc:1    | Bought a potion of curing for 33 gold pieces
 15767 | Orc:1    | Bought a potion of might for 44 gold pieces
 15767 | Orc:1    | Bought a potion of resistance for 110 gold pieces
 16173 | Lair:4   | Received a gift from Trog
 17101 | Lair:5   | Reached skill level 5 in Shields
 17106 | Lair:5   | Lost mutation: You tend to lose your temper in combat. [potion of mutation]
 17106 | Lair:5   | Lost mutation: You are robust. (+10% HP) [potion of mutation]
 17106 | Lair:5   | Gained mutation: Armour fits poorly on your strangely shaped body. [potion of mutation]
 17106 | Lair:5   | Gained mutation: Your body sometimes deteriorates upon taking damage. [potion of mutation]
 17106 | Lair:5   | Gained mutation: You have a pair of large horns on your head. [potion of mutation]
 17106 | Lair:5   | Gained mutation: Your mind is acute. (Int +2) [potion of mutation]
 17109 | Lair:5   | Lost mutation: Armour fits poorly on your strangely shaped body. [potion of mutation]
 17109 | Lair:5   | Lost mutation: Your mind is acute. (Int +2) [potion of mutation]
 17109 | Lair:5   | Lost mutation: You have a pair of large horns on your head. [potion of mutation]
 17109 | Lair:5   | Gained mutation: You have a pair of large horns on your head. [potion of mutation]
 17109 | Lair:5   | Gained mutation: You can translocate small distances at will. [potion of mutation]
 17662 | Lair:6   | Entered Level 6 of the Lair of Beasts
 17799 | Lair:6   | Reached XP level 14. HP: 137/140 MP: 13/13
 17984 | Lair:6   | Reached ****** piety under Trog
 17989 | Lair:6   | Received a gift from Trog
 18014 | Lair:6   | Reached skill level 18 in Fighting
 18220 | Lair:6   | Noticed Snorg
 18226 | Lair:6   | Killed Snorg
 18454 | Lair:6   | Found a staircase to the Slime Pits.
 18577 | Lair:6   | Got a faintly glowing hand axe
 18579 | Lair:6   | Identified the +5 hand axe of Propriety {protect, MR+ Str+3 Stlth+} (You found it on level 6 of the Lair of Beasts)
 18876 | Spider:1 | Entered Level 1 of the Spider Nest
 18884 | Spider:1 | Noticed Asterion
 18894 | Spider:1 | Killed Asterion
 18904 | Spider:1 | Noticed an emperor scorpion
 18933 | Lair:2   | Killed an emperor scorpion
 19481 | Spider:1 | Reached skill level 10 in Shields
 19684 | Spider:1 | Reached skill level 19 in Fighting
 19913 | Spider:2 | Noticed Arachne
 19916 | Spider:2 | Noticed an entropy weaver
 19925 | Spider:2 | Killed Arachne
 20153 | Spider:2 | Killed an entropy weaver
 20163 | Spider:1 | Reached XP level 15. HP: 92/152 MP: 14/14
 20404 | Spider:2 | Received a gift from Trog
 21644 | Spider:3 | Got a smoking falchion
 21663 | Spider:3 | Identified the +9 falchion of Magnificence {slice, Stlth+} (You found it on level 3 of the Spider Nest)
 21697 | Spider:3 | Reached skill level 20 in Fighting
 21806 | Spider:3 | Got a smoking crystal amulet
 21827 | Spider:3 | Identified the amulet "Touxur" {Regen+ Str+2} (You found it on level 3 of the Spider Nest)
 21884 | Spider:3 | Killed a ghost moth
 22378 | Spider:3 | Received a gift from Trog
 22384 | Spider:3 | Found a roughly hewn altar of Beogh.
 22809 | Spider:4 | Entered Level 4 of the Spider Nest
 22884 | Spider:4 | Noticed Kirke
 22916 | Spider:3 | Killed Kirke
 23355 | Spider:4 | Reached XP level 16. HP: 99/165 MP: 15/15
 23519 | Spider:4 | Reached skill level 21 in Fighting
 23971 | Spider:4 | Received a gift from Trog
 24396 | Spider:4 | Reached skill level 15 in Shields
 24480 | Spider:4 | Lost intelligence.
 24486 | Spider:4 | HP: 6/167 [poisoned by a ghost moth]
 24500 | Spider:4 | HP: 7/167 [something (9)]
 24500 | Spider:4 | Slain by an emperor scorpion

Skill      XL: |  1  2  3  4  5  6  7  8  9 10 11 12 13 14 15 16 |
---------------+-------------------------------------------------+-----
Fighting       | 4 5 6 7 8 10 12 13 15 16 17 19 20 21 | 21.4
Maces & Flails | 4 5 6 7 8 10 12 13 | 13.5
Armour         | 6 9 12 14 | 14.0
Dodging        | 6 8 10 | 10.3
Shields        | 4 5 11 14 15 | 15.0

Action                   |  1- 3 |  4- 6 |  7- 9 | 10-12 | 13-15 | 16-18 || total
-------------------------+-------+-------+-------+-------+-------+-------++-------
Melee: Mace              |    84 |    34 |       |       |       |       ||   118
       Headbutt          |     8 |    14 |    41 |   121 |   263 |    39 ||   486
       Quarterstaff      |       |    47 |    82 |       |       |       ||   129
       Morningstar       |       |       |    88 |   540 |   939 |   126 ||  1693
       Demon whip        |       |       |       |       |    20 |       ||    20
Throw: Javelin           |       |       |    25 |     5 |    24 |    10 ||    64
       Tomahawk          |       |       |       |       |    37 |    10 ||    47
Invok: Berserk           |       |     2 |       |     5 |     8 |     2 ||    17
       Trog's Hand       |       |     1 |       |     2 |     3 |     1 ||     7
       Burn Spellbooks   |       |       |       |     1 |     1 |       ||     2
Evoke: Phial of floods   |       |       |       |     1 |       |       ||     1
  Use: Potion            |       |     2 |     4 |     4 |    12 |     6 ||    28
       Scroll            |       |     9 |     1 |    17 |     7 |     1 ||    35
 Stab: Paralysed         |       |       |     4 |       |       |       ||     4
       Invisible         |       |       |       |       |     2 |       ||     2
  Eat: Chunk             |     2 |     8 |     9 |    25 |    24 |     2 ||    70
       Ration            |       |       |       |     2 |     5 |       ||     7
Armor: Animal skin       |     4 |       |       |       |       |       ||     4
       Ring mail         |    18 |    22 |    44 |    88 |       |       ||   172
       Skin              |       |       |     1 |       |     6 |       ||     7
       Crystal plate arm |       |       |       |    93 |    70 |       ||   163
       Plate armour      |       |       |       |    87 |       |       ||    87
       Ice dragon scales |       |       |       |       |   353 |   136 ||   489
Dodge: Dodged            |    57 |    43 |   103 |   367 |   926 |   205 ||  1701
Block: Buckler           |       |       |       |    77 |    30 |       ||   107
       Shield            |       |       |       |       |   693 |   143 ||   836
